 Dungeon Crawl Stone Soup version 0.31-a0-188-g5e087ee2ca (webtiles) character file.

Game seed: 9050513745931394467

255101 Dylgear the Executioner (level 21, -10/165 HPs)
             Began as a Formicid Fighter on June 24, 2023.
             Was the Champion of Wu Jian.
             Mangled by a peacekeeper (13 damage)
             ... in the Desolation of Salt.
             The game lasted 03:19:41 (39464 turns).

Dylgear the Executioner (Formicid Fighter)         Turns: 39464, Time: 03:19:41

Health: -10/165    AC: 33    Str: 42    XL:     21   Next: 4%
Magic:  21/21      EV: 27    Int: 14    God:    Wu Jian [******]
Gold:   2613       SH: 35    Dex: 23    Spells: 20/20 levels left

rFire   . . .        X - +6 executioner's axe (flame)
rCold   . . .        V - +18 shield of the Gong {Loud rN+ Will+ rCorr EV-5}
rNeg    + . .        B - +9 plate armour of Chimes {Str+4}
rPois   .            (helmet unavailable)
rElec   .            n - +1 cloak of Mental Paralysis {rCorr Str+3}
rCorr   +            Y - +0 pair of gloves {Str+3}
SInv    +            O - +1 pair of boots "Baf Rish" {Dex+2}
Will    +++..        b - amulet of the acrobat Stlth
                     f - ring of Linearity {+Blink Int+6 Dex+2 Slay+3}
HPRegen 0.47/turn    N - +6 ring of strength
MPRegen 0.17/turn

%: acrobat
@: in a heavenly storm, glowing, studying Fighting
A: permanent stasis, dig shafts and tunnels, antennae 3, four strong arms
}: 1/15 runes: gossamer
a: Dig, Renounce Religion, Wall Jump, Serpent's Lash, Heavenly Storm


You were in the Desolation of Salt.
You worshipped Wu Jian.
Wu Jian was exalted by your worship.
You visited 9 branches of the dungeon, and saw 33 of its levels.
You also visited: Sewer, Gauntlet, Ice Cave and Desolation.

You collected 3844 gold pieces.
You spent 1231 gold pieces at shops.

Inventory:

Hand Weapons
 a - the +1 executioner's axe "Kuim Aty" {venom, Dex+3 SInv}
   (You found it on level 1 of the Orcish Mines)

   Dex:       It affects your dexterity (+3).
   SInv:      It lets you see invisible.
 M - a +3 battleaxe of flaming
 X - a +6 executioner's axe of flaming (weapon)
Missiles
 h - 20 boomerangs
 q - 5 throwing nets
 H - 15 javelins
Armour
 n - the +1 cloak of Mental Paralysis (worn) {rCorr Str+3}
   (You found it on level 2 of the Dungeon)

   Str:       It affects your strength (+3).
   rCorr:     It protects you from acid and corrosion.
 B - the +9 plate armour of Chimes (worn) {Str+4}
   (You found it on level 1 of the Orcish Mines)

   Str:       It affects your strength (+4).
 D - a +1 plate armour of cold resistance
 E - a +2 buckler of fire resistance
 O - the +1 pair of boots "Baf Rish" (worn) {Dex+2}
   (You found it on level 2 of the Lair of Beasts)

   Dex:       It affects your dexterity (+2).
 U - a scarf of invisibility
 V - the +18 shield of the Gong (worn) {Loud rN+ Will+ rCorr EV-5}
   (You found it on level 10 of the Dungeon)

   Loud:      It is deafeningly noisy when blocking attacks.
   EV:        It affects your evasion (-5).
   rN:        It protects you from negative energy.
   rCorr:     It protects you from acid and corrosion.
   Will:      It increases your willpower.
 Y - a +0 pair of gloves of strength (worn)
 Z - a +0 kite shield
Jewellery
 b - an amulet of the acrobat (around neck)
 c - an amulet of regeneration
 f - the ring of Linearity (left hand) {+Blink Int+6 Dex+2 Slay+3}
   (You acquired it on level 3 of the Dungeon)

   [ring of intelligence]

   Int:       It affects your intelligence (+6).
   Dex:       It affects your dexterity (+2).
   Slay:      It affects your accuracy & damage with ranged weapons and melee
   (+3).
   +Blink:    It lets you blink.
 g - the ring of the Mage {Wiz Archmagi}
   (You took it off an orc priest on level 7 of the Dungeon)

   [ring of wizardry]

   It improves your spell success rate.
   Archmagi:  It increases the power of your magical spells.
 j - the necklace of Bloodlust {Fury *Rage Will++ Int-3 Slay+6}
   (You found it on level 1 of the Orcish Mines)

   [amulet of nothing]

   Fury:      It extends the wearer's berserk rage when killing foes.
   Int:       It affects your intelligence (-3).
   Slay:      It affects your accuracy & damage with ranged weapons and melee
   (+6).
   *Rage:     It berserks you when you make melee attacks (+50% chance).
   Will:      It greatly increases your willpower.
 o - a ring of protection from cold
 u - a ring of protection from fire
 w - a +6 ring of intelligence
 x - an amulet of faith
 y - a ring of ice
 I - an amulet of reflection
 N - a +6 ring of strength (right hand)
 Q - a ring of flight
Wands
 z - a wand of roots (21)
 A - a wand of mindburst (25)
 F - a wand of flame (29)
 J - a wand of polymorph (8)
 P - a wand of paralysis (19)
 S - a wand of digging (3)
Scrolls
 d - 4 scrolls of fog
 i - 3 scrolls of revelation
 m - 3 scrolls of brand weapon
 p - 4 scrolls of butterflies
 G - a scroll of silence
 L - 23 scrolls of identify
Potions
 e - 5 potions of lignification
 k - 2 potions of heal wounds
 l - 5 potions of brilliance
 r - 2 potions of resistance
 s - 2 potions of cancellation
 t - 3 potions of enlightenment
 v - 3 potions of ambrosia
 C - 11 potions of curing
 K - 5 potions of mutation
 T - 2 potions of invisibility
 W - 2 potions of might


   Skills:
 + Level 14.3 Fighting
 * Level 23.4 Axes
 * Level 15.5 Armour
 * Level 11.9 Dodging
 + Level 3.9 Stealth
 * Level 20.9 Shields


You had 20 spell levels left.
You didn't know any spells.
Your spell library contained the following spells:

 Spells                   Type           Power      Damage    Failure   Level
 Shock                    Conj/Air       0%         1d3       73%         1
 Sting                    Tmut/Pois      0%         1d3       73%         1
 Summon Small Mammal      Summ           0%         N/A       73%         1
 Ensorcelled Hibernation  Hex/Ice        0%         N/A       86%         2
 Lesser Beckoning         Tloc           0%         N/A       86%         2
 Momentum Strike          Conj/Tloc      0%         3d8       86%         2
 Poisonous Vapours        Pois/Air       0%         N/A       86%         2
 Call Canine Familiar     Summ           0%         N/A       97%         3
 Dazzling Flash           Conj/Hex       0%         N/A       97%         3
 Inner Flame              Hex/Fire       0%         N/A       97%         3
 Portal Projectile        Hex/Tloc       0%         N/A       97%         3
 Spider Form              Tmut/Pois      0%         N/A       97%         3
 Summon Guardian Golem    Hex/Summ       0%         N/A       97%         3
 Tukima's Dance           Hex            0%         N/A       97%         3
 Airstrike                Air            0%         2d(0-16)  100%        4
 Anguish                  Hex/Necr       0%         N/A       100%        4
 Animate Armour           Summ/Erth      0%         N/A       100%        4
 Cause Fear               Hex            0%         N/A       100%        4
 Leda's Liquefaction      Hex/Erth       0%         N/A       100%        4
 Olgreb's Toxic Radiance  Pois           0%         N/A       100%        4
 Petrify                  Tmut/Erth      0%         N/A       100%        4
 Summon Ice Beast         Ice/Summ       0%         N/A       100%        4
 Summon Lightning Spire   Summ/Air       0%         N/A       100%        4
 Agony                    Necr           0%         N/A       100%        5
 Alistair's Intoxication  Tmut/Pois      0%         N/A       100%        5
 Arcjolt                  Conj/Air       0%         1d10      100%        5
 Blade Hands              Tmut           0%         N/A       100%        5
 Borgnjor's Vile Clutch   Necr/Erth      0%         N/A       100%        5
 Metabolic Englaciation   Hex/Ice        0%         N/A       100%        5
 Silence                  Hex/Air        0%         N/A       100%        5
 Summon Mana Viper        Hex/Summ       0%         N/A       100%        5
 Yara's Violent Unravell  Hex/Tmut       0%         3d3       100%        5
 Eringya's Noxious Bog    Tmut/Pois      0%         N/A       100%        6
 Statue Form              Tmut/Erth      0%         N/A       100%        6
 Dragon Form              Tmut           0%         N/A       100%        7
 Enfeeble                 Hex            0%         N/A       100%        7
 Monstrous Menagerie      Summ           0%         N/A       100%        7
 Maxwell's Capacitive Co  Air            0%         ∞         100%        8
 Chain Lightning          Conj/Air       0%         N/A       100%        9
 Dragon's Call            Summ           0%         N/A       100%        9
 Fire Storm               Conj/Fire      0%         5d1       100%        9
 Shatter                  Erth           0%         3d5*      100%        9
 Blink                    Tloc           Unusable   N/A       N/A         2
 Swiftness                Air            Unusable   N/A       N/A         3
 Vhi's Electric Charge    Tloc/Air       Unusable   N/A       N/A         3

Dungeon Overview and Level Annotations

Branches:
Dungeon (15/15)            Temple (1/1) D:4            Lair (5/5) D:9
  Swamp (1/4) Lair:2       Spider (4/4) Lair:3        Slime (0/5) Lair:5
    Orc (2/2) D:9             Elf (1/3) Orc:2        Vaults (3/5) D:13
  Crypt (0/3) Vaults:2     Depths (1/4) D:15          Sewer (visited)
  IceCv (visited)         Desolation (1/1)          Gauntlet (visited)

Altars:
Ashenzari
Cheibriados
Dithmenos
Elyvilon
Fedhas
Gozag
Hepliaklqana
Kikubaaqudgha
Makhleb
Nemelex Xobeh
Okawaru
Qazlal
Ru
Sif Muna
Trog
Uskayaw
Vehumet
Wu Jian
Xom
Yredelemnul
Zin
The Shining One
Jiyva

Shops:
D:7 *[:(   D:15 :   Orc:1 :   Orc:2 *:**   Vaults:1 !

Portals:
Hell: Lair:5

Annotations:
Lair:4 exclusion: ice statue
Elf:1 Zenata


Innate Abilities, Weirdness & Mutations

You cannot be hasted, slowed, berserked, paralysed or teleported.
You can dig through walls and to a lower floor.
You have a pair of large antennae on your head. (SInv)
Your four strong arms can wield two-handed weapons with a shield.


Message History

You block the peacekeeper's attack.
GONNNNG!
The peacekeeper misses you.
The peacekeeper roars a battlecry!
The golems go into a battle-frenzy!
The ragged hierophant gestures at you while chanting.
A blast of power from the earth and the adjacent constructs strikes you!
* * * LOW HITPOINT WARNING * * *
You block the saltling's attack.
GONNNNG!
The saltling misses you.
You hear a shout!
Unknown command.
Unknown command.
Unknown command.
You feel much better. You block the peacekeeper's attack.
GONNNNG!
You block the peacekeeper's attack.
GONNNNG!
You block the peacekeeper's attack.
BONNNG!
The peacekeeper completely misses you. The peacekeeper barely misses you.
The peacekeeper claws you!
* * * LOW HITPOINT WARNING * * *
The saltling completely misses you. The saltling closely misses you.
The saltling completely misses you.
The saltling hits you but does no damage.
The saltling closely misses you.
The peacekeeper completely misses you. x2
The ragged hierophant mumbles some strange words.
The ragged hierophant begins to accept its allies' injuries.
The ragged hierophant casts a spell at you.
A blast of power from the earth and the adjacent constructs strikes you!
* * * LOW HITPOINT WARNING * * *
The ragged hierophant points at you and mumbles some strange words.
A blast of power from the earth and the adjacent constructs strikes you!
* * * LOW HITPOINT WARNING * * *
The peacekeeper completely misses you.
The peacekeeper claws you but does no damage.
The peacekeeper bites you!
You die...

§...§§...........a...9.
§§§.§..9.†)...S..{.....
.§§.§.............{.....
.§§§....{{......{.9.....
..§§...{#........{.9#...
.......##)..☼§☼°{{......
...........§☼§a99a9.....
#..........§§{9999§.....
...........§☼☼99@99.....
...........☼§☼9999§.....
...........☼§{a99a☼.....
...........☼§§§§........
.........a..............
..........#.#a......
.........##........
......... ........
......... .....


You could see 3 ragged hierophants, a servant of whispers (sheltered), a crystal
guardian, 3 peacekeepers and 13 saltlings.

Vanquished Creatures
  Nikola (Vaults:1)
  Jorgrun (D:14)
  Gastronok (Orc:1)
  A sphinx (Vaults:2)
  A deep elf sorcerer (Orc:1)
  11 emperor scorpions
  5 ghost moths
  2 imperial myrmidons (Desolation)
  4 ironbound preservers
  4 vault wardens (Vaults:1)
  2 deep elf elementalists (Orc:1)
  2 broodmothers
  An orc warlord (Vaults:1)
  An ironbound thunderhulk (Vaults:2)
  A stone giant (Orc:1)
  A formless jellyfish (Vaults:1)
  An eleionoma (Swamp:1)
  A minotaur (Gauntlet)
  7 dire elephants
  A bunyip (Swamp:1)
  4 spark wasps (Spider:4)
  A deep elf annihilator (Orc:1)
  An ettin (Vaults:1)
  2 great orbs of eyes (Vaults:2)
  8 yaktaur captains
  A ragged hierophant (Desolation)
  7 entropy weavers
  3 ogre magi
  6 hydras
  2 vault guards
  A hell beast (Lair:5)
  3 ironbound frosthearts
  A peacekeeper (Desolation)
  2 rakshasas (D:14)
  3 radroaches
  3 death knights
  14 centaur warriors
  10 boulder beetles
  A jorogumo (Spider:2)
  15 two-headed ogres
  A catoblepas (Lair:1)
  2 tengu warriors
  5 death yaks
  2 orc high priests
  3 demonic crawlers
  Sonja (D:10)
  A deep elf knight (Elf:1)
  2 skysharks
  2 sun moths
  A shadow wraith (Vaults:2)
  7 pharaoh ants
  13 deep trolls
  2 glowing orange brains (Gauntlet)
  4 skeletal warriors (D:15)
  12 orb spiders
  The ghost of Dittersdorf the Shield-Bearer, a novice GrFi of Okawaru (D:6)
  A tengu zombie (Vaults:2)
  4 ironbound convokers
  6 wizards
  A bog body (Swamp:1)
  6 lindwurms (Vaults:1)
  11 steelbarb worms
  2 necromancers
  10 deep elf pyromancers
  4 deep elf zephyrmancers
  5 harpies (Vaults:1)
  11 orc knights
  A will-o-the-wisp (Swamp:1)
  25 ugly things
  19 wolf spiders
  5 orc sorcerers
  4 cyclopes
  A worldbinder (Gauntlet)
  2 manticores
  7 moths of wrath
  An ice statue (IceCv)
  6 black mambas
  3 guardian serpents (Desolation)
  16 elephants
  10 vault sentinels
  6 torpor snails
  A smoke demon (Lair:5)
  2 cane toads (shapeshifter)
  4 orange demons (Lair:5)
  7 rime drakes
  A yaktaur zombie (Vaults:2)
  16 yaktaurs
  A minotaur zombie (Gauntlet)
  13 cane toads
  2 freezing wraiths (D:14)
  11 komodo dragons
  2 kobold demonologists
  An ice devil (Lair:5)
  4 tengu conjurers
  An efreet (D:13)
  A silent spectre (Orc:1)
  A red devil (Lair:5)
  4 meliai
  2 tyrant leeches (Swamp:1)
  11 trolls
  15 polar bears
  29 tarantellas
  4 hornets (Spider:4)
  13 blink frogs
  8 dream sheep
  16 saltlings (Desolation)
  24 culicivoras
  17 slime creatures
  17 jumping spiders
  2 wraiths
  66 yaks
  An air elemental (Elf:1)
  A vampire (D:5)
  7 wyverns
  20 humans (D:13)
  An unseen horror simulacrum (D:9)
  5 basilisks
  2 steam dragons
  3 vampire mosquitoes (D:13)
  65 redbacks
  4 wargs
  A swamp worm (Swamp:1)
  An acid dragon (D:10)
  20 water moccasins
  3 hell hounds (Lair:5)
  27 orc warriors
  3 sky beasts
  5 black bears
  4 ice beasts
  Pargi (Sewer)
  A meliai simulacrum (D:14)
  10 centaurs
  7 boggarts
  12 ogres
  31 wolves
  A phantom (D:6)
  13 kobold brigands
  8 bullfrogs
  2 gnoll sergeants
  4 scorpions
  An earth elemental (Elf:1)
  2 human skeletons (Vaults:2)
  9 wights
  5 killer bees (Lair:3)
  5 howler monkeys
  4 vampire bats (Orc:1)
  6 electric eels
  A quasit (D:8)
  A crimson imp (D:5)
  3 hounds
  A jelly (D:7)
  25 orc priests
  5 sleepcaps
  2 gnoll boudas
  47 orc wizards
  Natasha (thrice) (D:2)
  Terence (D:2)
  5 iguanas
  2 hell rats (Lair:5)
  15 gnolls
  6 river rats (Lair:5)
  14 adders
  A shadow imp (D:7)
  4 white imps
  7 ufetubi
  A worm (D:5)
  A dart slug (D:1)
  89 orcs
  7 ball pythons
  7 bats
  2 bat zombies (D:4)
  2 endoplasms
  2 giant cockroaches (D:4)
  11 goblins
  9 hobgoblins
  4 jackals (D:3)
  35 kobolds
  4 quokkas
  4 frilled lizards
  11 rats
1286 creatures vanquished.

Vanquished Creatures (others)
  A tarantella (Spider:4)
  A blink frog (Lair:5)
  A centaur (D:15)
  An orc (D:11)
  A kobold (D:9)
5 creatures vanquished.

Grand Total: 1291 creatures vanquished

Notes
Turn   | Place    | Note
-------+----------+-------------------------------------------
     0 | D:1      | Dylgear the Formicid Fighter began the quest for the Orb.
     0 | D:1      | Reached XP level 1. HP: 18/18 MP: 1/1
    58 | D:1      | Found a faded altar of an unknown god.
   162 | D:1      | Reached XP level 2. HP: 24/24 MP: 2/2
   601 | D:2      | Identified the +1 cloak of Mental Paralysis {rCorr Str+3}
   744 | D:2      | Noticed Terence
   754 | D:2      | Killed Terence
   755 | D:2      | Reached XP level 3. HP: 15/30 MP: 3/3
   864 | D:2      | Reached XP level 4. HP: 28/37 MP: 4/4
  1177 | D:2      | Noticed Natasha
  1189 | D:2      | Killed Natasha
  1228 | D:2      | Noticed Natasha
  1245 | D:2      | Killed Natasha
  1246 | D:2      | Reached skill level 3 in Axes
  1246 | D:2      | Reached XP level 5. HP: 24/42 MP: 5/5
  1426 | D:2      | Noticed Natasha
  1434 | D:2      | Killed Natasha
  1494 | D:3      | Identified a scroll of acquirement
  1494 | D:3      | Acquired the ring of Linearity {+Blink Int+6 Dex+2 Slay+3}
  1860 | D:3      | Reached XP level 6. HP: 48/48 MP: 6/6
  1873 | D:3      | Found a glowing drain.
  1885 | Sewer    | Entered a sewer
  2004 | Sewer    | Reached skill level 4 in Axes
  2089 | Sewer    | Noticed Pargi
  2095 | Sewer    | Killed Pargi
  2096 | Sewer    | Reached skill level 1 in Dodging
  2096 | Sewer    | Reached skill level 5 in Shields
  2229 | D:3      | Found a sacrificial altar of Ru.
  2607 | D:4      | Found a staircase to the Ecumenical Temple.
  2616 | Temple   | Entered the Ecumenical Temple
  2785 | D:4      | Found an ancient bone altar of Kikubaaqudgha.
  2861 | D:4      | Noticed a black bear
  2921 | Temple   | Killed a black bear
  2922 | Temple   | Reached XP level 7. HP: 50/54 MP: 7/7
  2981 | D:4      | Reached skill level 5 in Axes
  2987 | D:4      | Reached skill level 5 in Armour
  3110 | D:4      | Found a hazy altar of Hepliaklqana.
  3188 | D:4      | Found an iron altar of Okawaru.
  3194 | D:4      | Found a glowing golden altar of the Shining One.
  3200 | D:4      | Found a hide-covered altar of Uskayaw.
  3223 | D:4      | Found an ornate altar of the Wu Jian Council.
  3231 | D:4      | Became a worshipper of the Wu Jian Council
  3237 | D:4      | Found a glowing silver altar of Zin.
  3382 | D:4      | Reached XP level 8. HP: 60/60 MP: 8/8
  3424 | D:5      | Entered Level 5 of the Dungeon
  3476 | D:5      | Identified the +2 rapier of Yeast {flame, *Noise Int+3
                  | SInv}
  3518 | D:4      | Reached skill level 6 in Axes
  3530 | D:5      | Noticed a vampire
  4180 | D:5      | Found a bloodstained altar of Trog.
  4279 | D:5      | Found a shadowy altar of Dithmenos.
  4321 | D:5      | Noticed a kobold demonologist
  4331 | D:5      | Noticed an ice devil
  4345 | D:5      | You fall into a shaft and drop 3 floors!
  4373 | D:8      | Reached skill level 7 in Axes
  4373 | D:8      | Reached skill level 1 in Stealth
  4397 | D:8      | Reached * piety under Wu Jian
  4489 | D:7      | Reached XP level 9. HP: 55/66 MP: 9/9
  4494 | D:7      | Found Jeid's General Store.
  4496 | D:7      | Found Haen's Book Shoppe.
  4509 | D:7      | Found a stormy altar of Qazlal.
  4524 | D:7      | Found Fynuiz's Antique Weapon Shoppe.
  4527 | D:7      | Found Atin's Antique Armour Shoppe.
  4557 | D:7      | Bought a scroll of revelation for 90 gold pieces
  4570 | D:7      | Bought a pair of boots for 126 gold pieces
  4766 | D:6      | Reached skill level 8 in Axes
  4793 | D:6      | Reached skill level 5 in Fighting
  4988 | D:6      | Noticed a troll
  5026 | D:7      | Killed a troll
  5231 | D:6      | Reached skill level 9 in Axes
  5270 | D:6      | Reached ** piety under Wu Jian
  5285 | D:6      | Reached XP level 10. HP: 62/74 MP: 10/10
  5593 | D:6      | Found a shimmering blue altar of Sif Muna.
  5655 | D:6      | Found a runed translucent gate.
  5656 | D:6      | Found a runed translucent gate.
  5658 | D:6      | Found a runed translucent gate.
  5662 | D:6      | Noticed Dittersdorf's ghost (novice GrFi)
  5663 | D:6      | Noticed a kobold demonologist
  6542 | D:5      | Reached skill level 10 in Axes
  6758 | D:5      | Found a radiant altar of Vehumet.
  6759 | D:5      | Found a burning altar of Makhleb.
  6962 | D:5      | Noticed a sun demon
  7687 | D:7      | Found a broken altar of Ashenzari.
  7744 | D:7      | Reached *** piety under Wu Jian
  9268 | D:9      | Reached skill level 11 in Axes
  9274 | D:9      | Reached **** piety under Wu Jian
  9275 | D:9      | Reached XP level 11. HP: 72/81 MP: 11/11
  9397 | D:9      | Found a staircase to the Lair.
  9416 | D:9      | Found a shimmering altar of Xom.
  9472 | D:9      | Found a staircase to the Orcish Mines.
  9661 | Lair:1   | Entered Level 1 of the Lair of Beasts
  9661 | Lair:1   | Noticed a catoblepas
  9880 | D:9      | Reached skill level 12 in Axes
 10154 | D:10     | Entered Level 10 of the Dungeon
 10184 | Orc:1    | Entered Level 1 of the Orcish Mines
 10315 | D:11     | Found a frozen archway.
 10358 | IceCv    | Entered an ice cave
 10394 | IceCv    | Reached skill level 10 in Shields
 10587 | IceCv    | Reached skill level 5 in Dodging
 10780 | IceCv    | Reached XP level 12. HP: 52/89 MP: 12/12
 10791 | IceCv    | Reached skill level 13 in Axes
 11202 | IceCv    | Reached ***** piety under Wu Jian
 11520 | IceCv    | Noticed a death yak
 11520 | IceCv    | Noticed a death yak
 11520 | IceCv    | Noticed a death yak
 11767 | D:11     | Noticed a two-headed ogre
 11778 | D:11     | Killed a two-headed ogre
 12082 | Lair:1   | Killed a catoblepas
 12696 | Lair:1   | Reached skill level 14 in Axes
 12968 | Lair:1   | Reached XP level 13. HP: 51/96 MP: 13/13
 13226 | Lair:1   | Reached skill level 10 in Armour
 13234 | Lair:1   | Reached XP level 14. HP: 65/105 MP: 14/14
 14023 | Lair:1   | Identified the +0 scale mail "Galum" {Str+4}
 14689 | Lair:2   | Reached skill level 15 in Axes
 14785 | Lair:2   | Identified the +1 pair of boots "Baf Rish" {Dex+2}
 14820 | Lair:2   | Found a staircase to the Swamp.
 16555 | Lair:3   | Identified the +8 whip "Hoiguzximn" {elec, rElec rN+ Will+
                  | Str+3}
 16567 | Lair:3   | Reached ****** piety under Wu Jian
 16579 | Lair:3   | Found a hole to the Spider Nest.
 17052 | Lair:3   | Reached skill level 16 in Axes
 17409 | Lair:4   | Reached XP level 15. HP: 110/112 MP: 15/15
 17918 | Lair:4   | Found the +5 robe of Night {Dark Will+ SInv}
 18231 | Lair:5   | Entered Level 5 of the Lair of Beasts
 18665 | Lair:5   | Reached skill level 17 in Axes
 18883 | Lair:5   | Found a viscous altar of Jiyva.
 18883 | Lair:5   | Found a staircase to the Slime Pits.
 19579 | Lair:5   | Found a burning altar of Makhleb.
 19839 | Lair:5   | Found a gateway to Hell.
 20529 | D:10     | Found the +18 shield of the Gong {Loud rN+ Will+ rCorr
                  | EV-5}
 20565 | D:10     | Reached XP level 16. HP: 122/122 MP: 16/16
 20786 | D:10     | Noticed Sonja
 20795 | D:10     | Killed Sonja
 22359 | D:12     | Acquired a +4 executioner's axe of pain
 22368 | D:12     | Identified the +8 long sword of the Hero {venom, rN++
                  | Stlth+}
 22528 | D:12     | Reached skill level 18 in Axes
 22631 | D:13     | Reached skill level 10 in Fighting
 22684 | D:13     | Found a gate leading to a gauntlet.
 22744 | Gauntlet | Entered a Gauntlet
 22744 | Gauntlet | Found a transporter.
 22744 | Gauntlet | Found a transporter.
 22744 | Gauntlet | Found a transporter.
 22765 | Gauntlet | Found a transporter.
 22777 | Gauntlet | Found a transporter.
 22779 | Gauntlet | Found a transporter.
 22789 | Gauntlet | Found a transporter.
 22810 | Gauntlet | Found a transporter.
 22827 | Gauntlet | Found a transporter.
 22831 | Gauntlet | Found a transporter.
 22841 | Gauntlet | Found a transporter.
 22845 | Gauntlet | Found a transporter.
 23274 | Gauntlet | Identified the +6 falchion of the Lamprey {freeze, Fly rC++
                  | Dex+4}
 23313 | Gauntlet | Identified the +7 long sword of Peace {elec, Int+2 SInv}
 23470 | Gauntlet | Identified the staff of War {*Corrode Str+3 Int+2 Earth}
 23536 | D:13     | Found a blossoming altar of Fedhas.
 24201 | D:13     | Found a gate to the Vaults.
 24480 | D:14     | Reached skill level 15 in Shields
 24503 | D:14     | Noticed Jorgrun
 24731 | D:14     | Killed Jorgrun
 24913 | D:14     | Found a runed translucent door.
 24922 | D:14     | Identified the staff of Cowardice {rElec Str+5 Air}
 25140 | D:14     | Reached skill level 19 in Axes
 25170 | D:15     | Entered Level 15 of the Dungeon
 25384 | D:14     | Reached XP level 17. HP: 121/129 MP: 17/17
 26294 | D:15     | Found Naqedupt's Book Boutique.
 26425 | D:15     | Found a staircase to the Depths.
 26435 | Depths:1 | Entered Level 1 of the Depths
 27052 | D:6      | Killed Dittersdorf's ghost
 27368 | Orc:1    | Noticed Gastronok
 27676 | Orc:1    | Killed Gastronok
 27830 | Orc:1    | Found a transporter.
 27837 | Orc:1    | Found a transporter.
 27893 | Orc:1    | Noticed a walking earthen tome
 27895 | Orc:1    | Found Nepogruil's Book Shoppe.
 27897 | Orc:1    | Noticed a walking divine tome
 28124 | Orc:1    | Found a runed translucent door.
 28124 | Orc:1    | Found a bloodstained altar of Trog.
 28124 | Orc:1    | Found the necklace of Bloodlust {Fury *Rage Will++ Int-3
                  | Slay+6}
 28445 | Orc:1    | Reached skill level 20 in Axes
 28568 | Orc:1    | Identified the +1 executioner's axe "Kuim Aty" {venom,
                  | Dex+3 SInv}
 28578 | Orc:1    | Reached skill level 10 in Dodging
 28598 | Orc:1    | Identified the +9 plate armour of Chimes {Str+4}
 28878 | Orc:2    | Entered Level 2 of the Orcish Mines
 29096 | Orc:2    | Found a staircase to the Elven Halls.
 29541 | Orc:2    | Found Padooq's Assorted Antiques.
 29541 | Orc:2    | Found Teuto's Assorted Antiques.
 29541 | Orc:2    | Found Duosche's Assorted Antiques.
 29544 | Orc:2    | Found Liakhel's Book Emporium.
 29575 | Orc:2    | Bought a scroll of silence for 218 gold pieces
 29575 | Orc:2    | Bought a scroll of revelation for 172 gold pieces
 29579 | Orc:2    | Bought a potion of curing for 93 gold pieces
 29579 | Orc:2    | Bought a scroll of enchant weapon for 232 gold pieces
 29671 | Elf:1    | Entered Level 1 of the Elven Halls
 29690 | Elf:1    | Found a radiant altar of Vehumet.
 29729 | Elf:1    | Reached XP level 18. HP: 116/138 MP: 18/18
 29833 | Elf:1    | Noticed Zenata
 30133 | Swamp:1  | Entered Level 1 of the Swamp
 30451 | Spider:1 | Entered Level 1 of the Spider Nest
 30634 | Spider:2 | Reached skill level 21 in Axes
 32761 | Spider:2 | Reached XP level 19. HP: 123/146 MP: 19/19
 32800 | Spider:3 | Identified the amulet "Bymuaqut" {Spirit Fly Str-3 Int+6}
 33396 | Spider:4 | Entered Level 4 of the Spider Nest
 33931 | Spider:4 | Identified the +2 scimitar of the Tiger {heavy, rElec Will+
                  | rCorr Int+3}
 34823 | Spider:4 | Reached skill level 22 in Axes
 35503 | Spider:4 | Got a gossamer rune of Zot
 35859 | Vaults:1 | Entered Level 1 of the Vaults
 36021 | Vaults:1 | Found Kosallam's Distillery.
 36031 | Vaults:1 | Bought a potion of might for 60 gold pieces
 36031 | Vaults:1 | Bought a potion of heal wounds for 75 gold pieces
 36031 | Vaults:1 | Bought a potion of invisibility for 120 gold pieces
 36031 | Vaults:1 | Bought a potion of curing for 45 gold pieces
 36054 | Vaults:1 | Reached skill level 15 in Armour
 36061 | Vaults:1 | Reached XP level 20. HP: 134/156 MP: 20/20
 36612 | Vaults:1 | Identified the +1 spear "Tormentor" {protect, rC+}
 36726 | Vaults:1 | Noticed Nikola
 36748 | Vaults:1 | Killed Nikola
 37915 | Vaults:2 | Reached skill level 23 in Axes
 38949 | Vaults:2 | Found a staircase to the Crypt.
 39008 | Vaults:2 | Identified the staff of Frustration {rF+ Str+2 Int-2 Stlth+
                  | Fire}
 39403 | Vaults:3 | Found a crumbling gateway.
 39410 | Desolati | Entered the Desolation of Salt
 39454 | Desolati | Reached XP level 21. HP: 140/165 MP: 21/21
 39464 | Desolati | HP: 3/165 [ragged hierophant/a resonance strike (12)]
 39464 | Desolati | Mangled by a peacekeeper

Illustrated notes

Levels and vault maps discovered:
D:1:      wheals_arrival_shading, layout_rooms, shapermc_ecumenical_altar_gd
D:2:      layout_basic, grunt_decor_cap, uniq_natasha, uniq_terence
D:3:      layout_basic, lemuel_tele_altar, portal_sewer_entry_d,
          minmay_checkerbox
D:4:      layout_rooms, lemuel_zombie_altar_kikubaaqudgha,
          nicolae_hepliaklqana_hazy_memory, minmay_overflow_temple_star_hex,
          minmay_temple_entry_mini_moons, minmay_fractal_squares_gapless_5
D:5:      cheibrodos_fzero, layout_loops_corners,
          grunt_temple_overflow_lords_of_destruction,
          mainiacjoe_overflow_surrounded_room, nicolae_dithmenos_the_darkroom
D:6:      layout_layer_cave, led_sif_book, gammafunk_ghost_nasty_kobolds,
          minmay_fractal_squares_diagonal_5
D:7:      layout_gridville, cheibrodos_ashenzari_chains,
          nicolae_qazlal_style_of_elements, minmay_shop_grid_forest,
          kennysheep_decorative_pillar
D:8:      layout_loops_corners, serial_demonic, serial_demonic_b,
          serial_demonic_g, serial_demonic_b, serial_demonic_c
D:9:      layout_gridville, mainiacjoe_overflow_alcove_4,
          minmay_lair_entry_grove, david_orc_3, serial_ice, serial_ice_m,
          serial_ice_l, serial_ice_h, serial_ice_d
D:10:     layout_basic, hellmonk_guarded_unrand_gong, uniq_sonja
D:11:     layout_stronghold, portal_ice_cave_entry_pillars_2,
          chequers_hall_statues_y
D:12:     layout_basic
D:13:     layout_basic, grunt_vaults_entry_tiered, gauntlet_entry_generic,
          fedhas_altar_4
D:14:     layout_roguey, serial_park_tiny_2, lightli_airlock, uniq_jorgrun
D:15:     hangedman_depths_entry_try_elsewhere_first, layout_long_grid,
          serial_shops, nicolae_shop_statue_plus, serial_park_square3
          [serial_park_minivault_5x5_2]
Temple:   hellmonk_temple_two_chambers
Lair:1:   layout_cave_pods, st_stairs_9, chequers_serial_rivers_marsh,
          beast_lair_carwin_6
Lair:2:   layout_roguey, swamp_mist, pdpol_lair_cavern_descent
Lair:3:   layout_cave_pods, hellmonk_spider_entry_not_the_bees,
          grunt_megastairs_3, serial_bayou_shore_a
Lair:4:   layout_roguey, ice2_lemuel
Lair:5:   evil_forest, layout_big_grid, dpeg_slime_entry_enclosed,
          kennysheep_abandoned_house
Swamp:1:  layout_basic_swamp, ebering_ghost_inner_flame,
          evilmike_swamp_ruin_house_5, swamp_pool2, hangedman_swamp_phenomena
Spider:1: layout_spider_delve
Spider:2: layout_spider_delve
Spider:3: layout_spider_delve, nicolae_spider_not_touching_you
Spider:4: spider_rune_water, nicolae_spider_wall_of_niches
Orc:1:    emtedronai_trogs_sanctum, layout_caves, serial_shops,
          nicolae_shop_mannequins, roderic_batcave, uniq_gastronok
Orc:2:    st_orc_mages, layout_diamond_mine
Elf:1:    eino_elf_arrival_altar, layout_onion_city, orc_legates, uniq_zenata
Vaults:1: v_misc_18, nicolae_vaults_little_squares_4, nicolae_vaults_two_Ls,
          ontoclasm_vaults_hangar, vaults_room_door_hall,
          nicolae_vaults_doubleplus_tesselated, nicolae_vaults_theta,
          vaults_standard_mumra_enter_the_diamond, vaults_dpeg_diagonal,
          nicolae_vaults_sesquioval_fish, nicolae_vaults_two_Ls,
          nicolae_vaults_diffraction_hallways, vaults_room_stairs_pillars,
          vaults_room_corners, nicolae_vaults_gold_heap,
          layout_vaults_omnicross, serial_shops, shop, uniq_nikola
Vaults:2: v_rooms_2, vaults_room_fancy_cross, blue_anna_dwarven_crypt,
          dpeg_vaults_monster_box, vaults_dpeg_emergency_exit,
          layout_vaults_omnigrid
Vaults:3: portal_desolation_entry_nicolae_slug, vaults_dpeg_doors,
          st_hourglassy, nicolae_vaults_little_squares_1,
          hangedman_vaults_stretched_pinwheel, layout_vaults_chaotic_city,
          serial_shops, shop, uniq_margery
Depths:1: layout_gridlike, serial_shops, nicolae_diamond_shop, enter_trove_0,
          kennysheep_cross_room, hell_entry,
          nicolae_concentric_dashed_squares_wild
Desolation

Skill      XL: |  1  2  3  4  5  6  7  8  9 10 11 12 13 14 15 16 17 18 19 20 |
---------------+-------------------------------------------------------------+-----
Armour         | 4 5 6 7 8 9 10 12 13 14 15 | 15.5
Axes           | 3 4 5 7 9 11 12 14 16 17 19 20 21 22 23 | 23.4
Fighting       | 4 5 6 7 8 9 10 11 12 13 14 | 14.3
Dodging        | 1 2 3 4 5 6 7 8 9 10 11 | 11.9
Shields        | 5 6 7 8 10 11 12 13 14 15 17 18 19 20 | 20.9
Stealth        | 1 3 |  3.9

Action                     |  1- 3 |  4- 6 |  7- 9 | 10-12 | 13-15 | 16-18 | 19-21 || total
---------------------------+-------+-------+-------+-------+-------+-------+-------++-------
  Melee: War axe           |    76 |   112 |   283 |   947 |    52 |       |       ||  1470
         Battleaxe         |       |       |       |       |   649 |    65 |       ||   714
         Executioner's axe |       |       |       |       |       |  1040 |   706 ||  1746
 Invoke: Serpent's Lash    |       |       |       |     1 |       |     1 |       ||     2
         Heavenly Storm    |       |       |       |       |       |       |     1 ||     1
Ability: Dig               |       |     1 |       |       |     1 |     4 |       ||     6
         Lunge             |       |       |     8 |    31 |    43 |    87 |    44 ||   213
         Whirlwind         |       |       |    11 |   106 |    40 |   105 |    64 ||   326
         Wall Jump         |       |       |       |    12 |     4 |    26 |    13 ||    55
  Evoke: Wand              |       |       |       |     1 |       |       |       ||     1
    Use: Potion            |     2 |     4 |     3 |    15 |     1 |     4 |     2 ||    31
         Scroll            |       |    10 |     4 |     7 |     4 |     5 |     5 ||    35
   Stab: Distracted        |       |       |       |     1 |       |     3 |       ||     4
 Armour: Scale mail        |    28 |    71 |   160 |    48 |       |       |       ||   307
         Skin              |     2 |       |       |    14 |       |       |       ||    16
         Chain mail        |       |       |       |   194 |       |       |       ||   194
         Plate armour      |       |       |       |   204 |   272 |   248 |   180 ||   904
  Dodge: Dodged            |    23 |    71 |   172 |   362 |   320 |   171 |   143 ||  1262
  Block: Buckler           |    14 |    39 |    95 |   456 |   234 |       |       ||   838
         Reflection        |       |       |       |     6 |       |       |       ||     6
         Kite shield       |       |       |       |       |       |  1314 |   917 ||  2231

Table legend: (Time is in decaauts)
 A = Elapsed time spent in this place.
 B = Non-inter-level travel time spent in this place.
 C = Inter-level travel time spent in this place.
 D = Time resting spent in this place.
 E = Time spent auto-exploring this place.
 F = Levels seen in this place.
 G = Mean time per level.
                   A        B        C        D        E       F      G
               +--------+--------+--------+--------+--------+-----+--------+
         Total |  39523 |  37275 |   2248 |   9327 |  12263 |  37 | 1068.2 |
       Dungeon |  17708 |  16406 |   1302 |   3506 |   6984 |  15 | 1180.5 |
        Temple |     98 |     98 |      0 |     19 |     20 |   1 |   98.0 |
          Lair |   8231 |   7672 |    559 |   2411 |   2998 |   5 | 1646.2 |
         Swamp |     32 |     32 |      0 |      0 |      1 |   1 |   32.0 |
   Spider Nest |   5244 |   5016 |    228 |   1617 |   1461 |   4 | 1311.0 |
  Orcish Mines |   2237 |   2237 |      0 |    413 |    329 |   2 | 1118.5 |
   Elven Halls |    196 |    196 |      0 |      2 |     20 |   1 |  196.0 |
        Vaults |   3493 |   3335 |    158 |    588 |    276 |   3 | 1164.3 |
        Depths |      1 |      1 |      0 |      0 |      0 |   1 |    1.0 |
         Sewer |    234 |    234 |      0 |      0 |      0 |   1 |  234.0 |
      Ice Cave |   1220 |   1220 |      0 |    596 |      0 |   1 | 1220.0 |
    Desolation |     49 |     49 |      0 |      0 |      0 |   1 |   49.0 |
      Gauntlet |    775 |    775 |      0 |    175 |    173 |   1 |  775.0 |
               +--------+--------+--------+--------+--------+-----+--------+

Top non-repeatable levels by time:
  Lair:1: 2318 daAuts
     D:9: 1920 daAuts
Vaults:1: 1822 daAuts
     D:6: 1766 daAuts
  Lair:2: 1760 daAuts
     D:5: 1757 daAuts
  Lair:5: 1653 daAuts
Spider:2: 1640 daAuts
Vaults:2: 1637 daAuts
  Lair:3: 1508 daAuts
    D:10: 1427 daAuts
   Orc:1: 1426 daAuts
Spider:3: 1359 daAuts
Spider:4: 1348 daAuts
    D:13: 1329 daAuts
